 Dungeon Crawl Stone Soup version 0.19-a0-1875-g4fea3da (webtiles) character file.

142 Amnesiac the Cutter (level 5, -1/36 HPs)
             Began as a Halfling Monk on Oct 13, 2016.
             Killed from afar by a worker ant (32 damage)
             ... with an exploding inner flame
             ... hexed by the player character
             ... on level 4 of the Dungeon.
             The game lasted 00:04:20 (1008 turns).

Amnesiac the Cutter (Halfling Monk)                 Turns: 1008, Time: 00:04:20

Health: -1/36      AC:  7    Str: 12    XL:     5   Next: 50%
Magic:  0/5        EV: 17    Int:  8    God:
Gold:   71         SH:  0    Dex: 18    Spells: 0 memorised, 4 levels left

rFire  . . .     SeeInvis .     j - +1 dagger (freeze)
rCold  . . .     Gourm    .     b - +0 robe
rNeg   . . .     Faith    .     (shield restricted)
rPois  .         Spirit   +     a - +1 helmet
rElec  .         Dismiss  .     (no cloak)
rCorr  .         Reflect  .     i - +2 pair of gloves
MR     .....     Harm     .     (no boots)
Stlth  +++.......               k - amulet of guardian spirit
                                (no ring)
                                (no ring)

@: no status effects
A: mutation resistance 1
a: no special abilities


You were on level 4 of the Dungeon.
You were not hungry.

You visited 1 branch of the dungeon, and saw 4 of its levels.

You collected 71 gold pieces.

Inventory:

Hand Weapons
 j - a +1 dagger of freezing (weapon)
Armour
 a - a +1 helmet (worn)
 b - a +0 robe (worn)
 i - a +2 pair of gloves (worn)
Jewellery
 k - an amulet of guardian spirit (around neck)
Scrolls
 d - 2 scrolls of enchant armour
 e - a scroll of remove curse
Potions
 l - a potion of flight {unknown}
 n - a potion of might {unknown}
 o - 2 potions of curing
Comestibles
 c - 2 bread rations
 h - a meat ration
 m - a beef jerky
 p - a chunk of flesh


   Skills:
 + Level 3.4 Fighting
 + Level 4.3 Short Blades
 + Level 4.1 Dodging
 * Level 4.1 Stealth


You had 4 spell levels left.
You didn't know any spells.

Dungeon Overview and Level Annotations

Branches:
Dungeon (4/15)
 Temple: D:4-7

Altars:
Uskayaw


Innate Abilities, Weirdness & Mutations

You are small and have problems with some larger weapons.
You are somewhat resistant to further mutation.


Message History

The worker ant bites you but does no damage.
You hit the worker ant but do no damage.
The worker ant is moderately wounded.
The phantom blinks!
The worker ant closely misses you.
You barely miss the worker ant.
The worker ant is moderately wounded.
The worker ant barely misses you.
You hit the worker ant. You freeze the worker ant.
The worker ant is heavily wounded.
You hit the worker ant. You freeze the worker ant.
The worker ant is almost dead.
The worker ant closely misses you. The worker ant completely misses you.
The phantom blinks!
The worker ant bites you but does no damage.
You hit the worker ant. You freeze the worker ant.
The worker ant explodes!
The fiery explosion engulfs you!
Ouch! That really hurt!
You die...

.# #.###...##
.######.####..#####.#
...................#
#######.####..#####.# #.#
#..# #.####..#
#.......###########
######.###.§§J....#
####### #.# #@######§#
####.....# #.###.######.#
.....>##.# #.##......##J#
####..##.###.##..###.##W#
#......#.##...#.......÷.#
#.##............##.###.###
......##.##...####.# #...#
#.##.###.###.## #.# #.#.#
#.##.....# #.# #.....#.#


You could see a jelly (inner flame).

Vanquished Creatures
  An ogre (D:4)
  Robin (D:2)
  A worm (D:3)
  4 dart slugs
  A leopard gecko (D:1)
  An orc (D:4)
  A ball python (D:4)
  2 giant cockroaches
  11 goblins
  4 hobgoblins
  A quokka (D:4)
  2 frilled lizards
  4 kobolds
  2 rats
36 creatures vanquished.

Notes
Turn   | Place    | Note
-------+----------+-------------------------------------------
     0 | D:1      | Amnesiac the Halfling Monk began the quest for the Orb.
     0 | D:1      | Reached XP level 1. HP: 15/15 MP: 1/1
    88 | D:1      | Reached XP level 2. HP: 20/20 MP: 2/2
   184 | D:2      | Reached XP level 3. HP: 25/26 MP: 3/3
   209 | D:2      | Noticed Robin
   268 | D:2      | Killed Robin
   405 | D:2      | Found a faded altar of an unknown god.
   405 | D:2      | Found a faded altar of an unknown god.
   412 | D:2      | Found a faded altar of an unknown god.
   414 | D:2      | Found a faded altar of an unknown god.
   415 | D:2      | Found a hide-covered altar of Uskayaw.
   419 | D:2      | Reached XP level 4. HP: 31/31 MP: 4/4
   754 | D:4      | Noticed an ogre
   757 | D:4      | Killed an ogre
   757 | D:4      | Reached XP level 5. HP: 36/36 MP: 5/5
   794 | D:4      | Noticed a bullfrog
   912 | D:4      | Noticed a phantom
  1008 | D:4      | Killed from afar by a worker ant

Vault maps used:
D:1:      lightli_arrival_isolated_outpost
D:2:      chequers_temple_overflow_minitemple, uniq_robin
D:3:      nemelex_xobeh_ov_fountains_minmay
D:4:      first_bread, lightli_sewer_entry_pipes

Skill      XL: |  1  2  3  4 |
---------------+-------------+-----
Fighting       | 3 |  3.4
Short Blades   | 4 |  4.3
Stealth        | 3 4 |  4.1
Dodging        | 4 |  4.1

Action                   |  1- 3 |  4- 6 || total
-------------------------+-------+-------++-------
Melee: Short sword       |    27 |       ||    27
       Dagger            |    48 |    34 ||    82
  Use: Scroll            |       |     4 ||     4
 Stab: Sleeping          |     4 |     2 ||     6
       Distracted        |     1 |       ||     1
Armor: Robe              |    10 |     4 ||    14
Dodge: Dodged            |    38 |    19 ||    57
